 Dungeon Crawl Stone Soup version 0.31-a0-564-g3b7de120b3 (webtiles) character file.

Game seed: 11543158037870662169

8748 Thantalas the Thaumaturge (level 11, -3/54 HPs)
             Began as a Deep Elf Earth Elementalist on Aug 17, 2023.
             Was a Priest of Vehumet.
             Slain by Joseph
             ... wielding a +0 quarterstaff
              (19 damage)
             ... on level 9 of the Dungeon.
             The game lasted 00:22:20 (9574 turns).

Thantalas the Thaumaturge (DEEE)                    Turns: 9574, Time: 00:22:21

Health: -3/54      AC:  9    Str:  5    XL:     11   Next: 14%
Magic:  19/28      EV: 17    Int: 25    God:    Vehumet [***...]
Gold:   458        SH:  0    Dex: 15    Spells: 25/33 levels left

rFire   . . .        a - staff of conjuration {!a}
rCold   . . .        (no shield)
rNeg    + . .        n - +2 robe {rN+}
rPois   .            (no helmet)
rElec   .            I - +0 cloak
rCorr   .            (no gloves)
SInv    +            (no boots)
Will    +....        (no amulet)
Stlth   +++          v - ring of see invisible
HPRegen 0.29/turn    O - +4 ring of protection
MPRegen 0.21/turn

%: no passive effects
@: studying Staves
A: no striking features
a: Renounce Religion


You were on level 9 of the Dungeon.
You worshipped Vehumet.
Vehumet was most pleased with you.
You visited 2 branches of the dungeon, and saw 10 of its levels.

You collected 458 gold pieces.


   Skills:
 + Level 10.5 Dodging
 - Level 5.5 Stealth
 + Level 11.5 Spellcasting
 + Level 9.2 Conjurations
 - Level 1.1 Transmutations
 - Level 9.9 Earth Magic


You had 25 spell levels left.
You knew the following spells:

 Your Spells              Type           Power      Damage    Failure   Level
p - Passwall              Tmut/Erth      34%        N/A       1%          2
A - Sandblast             Erth           100%       2d20      1%          1
B - Stone Arrow           Conj/Erth      100%       3d13      1%          3
C - Searing Ray           Conj           100%       2d8       1%          2

Your spell library contained the following spells:

 Spells                   Type           Power      Damage    Failure   Level
 Inner Flame              Hex/Fire       14%        N/A       3%          3
 Magic Dart               Conj           100%       1d8       1%          1
 Fulminant Prism          Conj/Hex       27%        3d13      1%          4
 Petrify                  Tmut/Erth      41%        N/A       4%          4
 Ensorcelled Hibernation  Hex/Ice        28%        N/A       6%          2
 Gell's Gravitas          Tloc           14%        N/A       13%         3
 Teleport Other           Tloc           14%        N/A       13%         3
 Anguish                  Hex/Necr       7%         N/A       38%         4
 Dispersal                Tloc           7%         N/A       100%        6

Inventory:

Hand Weapons
 b - a +2 long sword of freezing
   (You took it off a wight on level 8 of the Dungeon)
Missiles
 s - 7 poisoned darts
Armour
 n - a +2 robe of positive energy (worn)
   (You took it off Psyche on level 9 of the Dungeon)
 I - a +0 cloak (worn)
   (You took it off Maurice on level 8 of the Dungeon)
Magical Staves
 a - a staff of conjuration (weapon) {!a}
   (You found it on level 2 of the Dungeon)
Jewellery
 v - a ring of see invisible (left hand)
   (You found it on level 4 of the Dungeon)
 F - a ring of fire
   (You took it off a goblin on level 3 of the Dungeon)
 O - a +4 ring of protection (right hand)
   (You found it on level 4 of the Dungeon)
 R - a ring of resist corrosion
   (You found it on level 8 of the Dungeon)
Wands
 o - a wand of mindburst (4)
   (You took it off a gnoll on level 5 of the Dungeon)
 q - a wand of polymorph (12)
   (You took it off a gnoll on level 5 of the Dungeon)
 z - a wand of digging (5)
   (You found it on level 6 of the Dungeon)
 A - a wand of iceblast (22)
   (You found it on level 7 of the Dungeon)
 G - a wand of paralysis (12)
   (You took it off Amaemon on level 7 of the Dungeon)
 H - a wand of flame (10)
   (You found it on level 8 of the Dungeon)
Scrolls
 e - a scroll of blinking {unknown}
 f - 2 scrolls of teleportation {unknown}
 g - a scroll of enchant weapon {unknown}
 h - 3 scrolls of revelation {unknown}
 i - 2 scrolls of noise {unknown}
 j - 2 scrolls of poison {unknown}
 l - 3 scrolls of vulnerability {unknown}
 t - a scroll of brand weapon {unknown}
 w - 2 scrolls of fear {unknown}
 y - a scroll of enchant armour {unknown}
 B - a scroll of fog {unknown}
 C - a scroll of immolation {unknown}
 E - a scroll of amnesia {unknown}
Potions
 c - a potion of degeneration {unknown}
 d - 2 potions of brilliance
 k - 2 potions of curing {@q1}
 m - 2 potions of attraction {!q}
 p - a potion of enlightenment {unknown}
 r - 2 potions of might
 u - a potion of cancellation
 x - 2 potions of haste {unknown}
 D - a potion of magic

Dungeon Overview and Level Annotations

Branches:
Dungeon (9/15) Zot: 26732  Temple (1/1) D:5 Zot: 5969
   Lair: D:8-11         Orc: D:9-12

Altars:
Ashenzari
Cheibriados
Elyvilon
Fedhas
Gozag
Hepliaklqana
Kikubaaqudgha
Makhleb
Nemelex Xobeh
Okawaru
Qazlal
Ru
Sif Muna
Trog
Uskayaw
Vehumet
Wu Jian
Xom
Yredelemnul
Zin
The Shining One

Annotations:
D:9 Joseph

.###.#... (....#... #
..#......#
#.###o#....#.#
#...@.#......##
#@.........# ##
#.......>..#
....#.$........#
#.............#
#....#.........
#...###..##### ##
.....##...###### ..#
....#...........#####..
...##...#.....###......


You could see Joseph and an orc warrior.


Message History

Vehumet accepts your kill.
An orc comes into view. It is wielding a +3 mace. 😎 MP[+4]
You regained 4 mp, and now have 22/28 mp.
Casting: Sandblast (safe; 1% risk of failure)
Confirm with . or Enter, or press ? or * to list all spells.
Aiming: Sandblast (safe; 1% risk of failure)
Press: ? - help, Shift-Dir - straight line, f - orc
Aim: an orc, wielding a +3 mace and wearing a +0 ring mail (87% to hit)
The blast of sand hits the orc!
You kill the orc!
Vehumet accepts your kill.
You feel your power returning.
Things that are here:
a +0 club; a hornet corpse; a gnoll corpse
Items here: )))) [ †.
Found a scroll labelled XONGECAEWN.
Found an escape hatch in the ceiling.
Things that are here:
a +0 glaive; a +2 chain mail of willpower; an orc corpse 😎 MP[+6]
Your mp is fully restored (28).
An orc comes into view. It is wielding a +0 mace.
Items here: )))) [ ††.
An orc is nearby!
Unknown command.
Things that are here:
a +0 robe; a +0 club
Casting: Sandblast (safe; 1% risk of failure)
Confirm with . or Enter, or press ? or * to list all spells.
Aiming: Sandblast (safe; 1% risk of failure)
Press: ? - help, Shift-Dir - straight line, f - orc
Aim: an orc, wielding a +0 mace and wearing a +0 leather armour (wandering, hasn't noticed you, 85% to hit)
The blast of sand hits the orc!!
You kill the orc!
Vehumet accepts your kill.
Vehumet is now aiding your destructive spells. 😎 MP[-1]
You lost 1 mp, and now have 27/28 mp.
Found a hide-covered altar of Uskayaw. 😎 MP[+1]
Your mp is fully restored (28).
e - a scroll labelled XONGECAEWN
Things that are here:
a +0 mace; a +0 leather armour
Found a stone staircase leading down.
Found a stone staircase leading down.
Joseph, a Mercenary comes into view.
He is wielding a +0 quarterstaff.
Throw: dart (curare) {=f}
Press: ? - help, Q - select action, (/) - cycle Shift-Dir - straight line, f - Joseph
Aim: Joseph, wielding a +0 quarterstaff and wearing a +0 ring mail (wandering, hasn't noticed you, 58% to hit)
You throw a curare-tipped dart {=f}.
The curare-tipped dart {=f} closely misses Joseph.
Joseph shouts!
You hear a shout!
Joseph unwields a +0 quarterstaff.
Joseph wields a +0 sling.
Joseph shoots a sling bullet.
The sling bullet hits you! 😕 HP[-13]
You take 13 damage, and now have 41/54 hp.
MASSIVE DAMAGE!! (PAUSE)
Aiming: Polymorph
Press: ? - help, Shift-Dir - straight line, f/p - Joseph
Aim: Joseph, wielding a +0 sling and wearing a +0 ring mail (will become a spriggan, a tengu, or a black mamba, chance to affect: 31%) Joseph easily resists.
You see here 11 gold pieces. 😕 HP[+1] Joseph unwields a +0 sling.
Joseph wields a +0 quarterstaff.
Joseph hits you but does no damage.
Okay, then.
Casting: Sandblast (safe; 1% risk of failure)
Confirm with . or Enter, or press ? or * to list all spells.
Aiming: Stone Arrow (safe; 1% risk of failure)
Press: ? - help, Shift-Dir - straight line, f/p - Joseph
Aim: Joseph, wielding a +0 quarterstaff and wearing a +0 ring mail (81% to hit)
You feel a surge of power!
The stone arrow hits Joseph!!
Joseph hits you with a +0 quarterstaff!!
* * * LOW HITPOINT WARNING * * *
An orc warrior comes into view.
It is wielding a +0 long sword. 😨 HP[-18] MP[-3]
You take 18 damage, and now have 24/54 hp.
MASSIVE DAMAGE!! (PAUSE)
You lost 3 mp, and now have 25/28 mp.
Casting: Stone Arrow (safe; 1% risk of failure)
Confirm with . or Enter, or press ? or * to list all spells.
Aiming: Stone Arrow (safe; 1% risk of failure)
Press: ? - help, Shift-Dir - straight line, f/p - Joseph
Aim: Joseph, wielding a +0 quarterstaff and wearing a +0 ring mail (moderately wounded, 81% to hit)
You feel a surge of power!
The stone arrow misses Joseph.
Joseph hits you with a +0 quarterstaff!
* * * LOW HITPOINT WARNING * * *
😨 HP[-8] MP[-3]
You take 8 damage, and now have 16/54 hp.
You lost 3 mp, and now have 22/28 mp.
Casting: Stone Arrow (safe; 1% risk of failure)
Confirm with . or Enter, or press ? or * to list all spells.
Aiming: Stone Arrow (safe; 1% risk of failure)
Press: ? - help, Shift-Dir - straight line, f/p - Joseph
Aim: Joseph, wielding a +0 quarterstaff and wearing a +0 ring mail (moderately wounded, 81% to hit)
You feel a surge of power!
The stone arrow hits Joseph!
Joseph hits you with a +0 quarterstaff!!
You die...

Skill      XL: |  1  2  3  4  5  6  7  8  9 10 11 |
---------------+----------------------------------+-----
Stealth        | 3 4 5 |  5.5
Dodging        | 3 4 5 7 8 10 | 10.5
Spellcasting   | 4 5 6 8 9 11 | 11.5
Conjurations   | 2 3 4 5 7 8 9 |  9.2
Earth Magic    | 4 5 7 8 9 |  9.9
Transmutations | |  1.1

Action                     |  1- 3 |  4- 6 |  7- 9 | 10-12 || total
---------------------------+-------+-------+-------+-------++-------
  Melee: Dagger            |       |       |     4 |     1 ||     5
  Throw: Dart              |    21 |     5 |    14 |    13 ||    53
   Cast: Sandblast         |    42 |    49 |    64 |    53 ||   208
         Stone Arrow       |       |     1 |    43 |    47 ||    91
         Searing Ray       |       |       |     4 |    13 ||    17
  Evoke: Wand              |       |       |       |     3 ||     3
    Use: Potion            |       |     1 |     2 |       ||     3
         Scroll            |       |       |       |     5 ||     5
   Stab: Sleeping          |       |       |       |     1 ||     1
 Armour: Robe              |     2 |     3 |    21 |    16 ||    42
  Dodge: Dodged            |     7 |    18 |    33 |    55 ||   113

Levels and vault maps discovered:
D:1:      psy_arrival_radial02, layout_basic
D:2:      layout_loops_ring, chequers_ecumenical_altar_simple, basic_altar
D:3:      layout_rooms, roderic_lattice_a, kennysheep_donut,
          corexii_item_surrounded_by_moat
D:4:      nicolae_cairo_tiling, layout_basic, nicolae_wu_jian_wuxing_cycle,
          chequers_temple_overflow_minitemple, uniq_sigmund, uniq_grinder,
          uniq_pargi
D:5:      layout_loops_ring, temple_pool_b, gammafunk_ghost_gnarly_gnolls,
          st_stairs_10, kennysheep_cross_bottleneck, uniq_blork_the_orc,
          uniq_prince_ribbit1
D:6:      layout_basic, uniq_pikel
D:7:      layout_rooms, nicolae_hexahallways
D:8:      layout_loops_corners, uniq_jeremiah, uniq_amaemon, uniq_maurice
D:9:      hangedman_cross_stitches, layout_rooms,
          nicolae_overflow_crystal_walls, david_lair_shrubbed, uniq_harold,
          uniq_joseph, uniq_psyche
Temple:   hellmonk_temple_divided_pantheon

Notes
Turn   | Place    | Note
-------+----------+-------------------------------------------
     0 | D:1      | Thantalas the Deep Elf Earth Elementalist began the quest
                  | for the Orb.
     0 | D:1      | Reached XP level 1. HP: 10/10 MP: 6/6
     0 | D:1      | magus.rc [v1.11.6]
   330 | D:1      | Reached XP level 2. HP: 12/15 MP: 5/8
   698 | D:1      | Reached skill level 3 in Stealth
  1224 | D:2      | Found a burning altar of Makhleb.
  1285 | D:2      | Reached skill level 3 in Dodging
  1308 | D:2      | Found a faded altar of an unknown god.
  1310 | D:2      | Reached XP level 3. HP: 19/19 MP: 8/10
  1314 | D:2      | Learned a level 3 spell: Stone Arrow
  1913 | D:3      | Reached XP level 4. HP: 20/24 MP: 7/11
  1976 | D:3      | Reached skill level 4 in Spellcasting
  1976 | D:3      | Reached skill level 1 in Conjurations
  1976 | D:3      | Reached skill level 4 in Earth Magic
  2674 | D:3      | Learned a level 2 spell: Passwall
  2701 | D:4      | Noticed Sigmund
  2901 | D:4      | HP: 4/24 [acid (5)]
  2902 | D:4      | Killed Sigmund
  2903 | D:4      | Reached skill level 4 in Dodging
  2903 | D:4      | Reached skill level 4 in Stealth
  2903 | D:4      | Reached skill level 2 in Conjurations
  2903 | D:4      | Reached XP level 5. HP: 5/28 MP: 9/14
  2903 | D:4      | Reached XP level 6. HP: 6/32 MP: 9/15
  3244 | D:4      | Noticed Grinder
  3264 | D:4      | HP: 7/32 [Grinder (2)]
  3265 | D:4      | HP: 2/32 [Grinder (2)]
  3269 | D:4      | Paralysed by Grinder for 3 turns
  3278 | D:4      | Paralysed by Grinder for 5 turns
  3285 | D:4      | HP: 2/32 [Grinder (5)]
  3288 | D:4      | Killed Grinder
  3289 | D:4      | Reached skill level 5 in Stealth
  3289 | D:4      | Reached skill level 5 in Spellcasting
  3289 | D:4      | Reached skill level 3 in Conjurations
  3289 | D:4      | Reached skill level 5 in Earth Magic
  3289 | D:4      | Reached XP level 7. HP: 4/36 MP: 2/17
  3468 | D:4      | Noticed Pargi
  3470 | D:4      | Killed Pargi
  3551 | D:4      | Reached skill level 5 in Dodging
  3665 | D:4      | Found a hazy altar of Hepliaklqana.
  3665 | D:4      | Found an iron altar of Okawaru.
  3675 | D:4      | Found a broken altar of Ashenzari.
  3697 | D:4      | Found an ancient bone altar of Kikubaaqudgha.
  3699 | D:4      | Found a faded altar of an unknown god.
  3777 | D:4      | Found an ornate altar of the Wu Jian Council.
  4065 | D:5      | Entered Level 5 of the Dungeon
  4092 | D:5      | You add the spells Ensorcelled Hibernation and Anguish to
                  | your library.
  4119 | D:5      | You add the spells Magic Dart, Searing Ray and Fulminant
                  | Prism to your library.
  4165 | D:5      | Reached skill level 6 in Spellcasting
  4223 | D:5      | Reached skill level 4 in Conjurations
  4228 | D:5      | Reached XP level 8. HP: 34/41 MP: 5/19
  4421 | D:5      | Noticed Vruhak's ghost (novice FoWr)
  4510 | D:5      | Reached skill level 6 in Earth Magic
  4579 | D:5      | Noticed Prince Ribbit
  4583 | D:5      | Killed Prince Ribbit
  4584 | D:5      | Reached skill level 6 in Dodging
  4584 | D:5      | Reached skill level 7 in Spellcasting
  4584 | D:5      | Noticed Blork the orc
  4602 | D:5      | Killed Blork the orc
  4603 | D:5      | Reached skill level 5 in Conjurations
  4712 | D:5      | Found a transporter.
  4726 | D:5      | Found a staircase to the Ecumenical Temple.
  4742 | Temple   | Found a transporter.
  4742 | Temple   | Found a transporter.
  4742 | Temple   | Found a transporter.
  4742 | Temple   | Found a transporter.
  4742 | Temple   | Entered the Ecumenical Temple
  4756 | Temple   | Became a worshipper of Vehumet
  4778 | D:5      | Noticed a two-headed ogre
  4797 | D:5      | Killed a two-headed ogre
  4798 | D:5      | Reached skill level 7 in Dodging
  4798 | D:5      | Reached skill level 8 in Spellcasting
  4798 | D:5      | Reached skill level 7 in Earth Magic
  4798 | D:5      | Reached XP level 9. HP: 37/45 MP: 9/23
  4905 | D:5      | Found a transporter.
  5172 | D:5      | Learned a level 2 spell: Searing Ray
  5191 | D:5      | Reached skill level 6 in Conjurations
  5227 | D:5      | HP: 11/45 [Vruhak's ghost (5)]
  5230 | D:5      | Killed Vruhak's ghost
  5362 | D:5      | a +0 eveningstar {rare}; a gnoll corpse
  5395 | D:5      | a +0 eveningstar {rare}; a gnoll corpse
  5555 | D:6      | Noticed Pikel
  5577 | D:6      | Killed Pikel
  5578 | D:6      | Reached skill level 8 in Dodging
  5578 | D:6      | Reached skill level 9 in Spellcasting
  5578 | D:6      | Reached skill level 8 in Earth Magic
  5705 | D:6      | Reached skill level 7 in Conjurations
  6365 | D:6      | Reached * piety under Vehumet
  6365 | D:6      | Offered knowledge of Shock by Vehumet.
  7020 | D:7      | Reached XP level 10. HP: 50/50 MP: 12/25
  7465 | D:7      | Reached skill level 9 in Dodging
  7515 | D:7      | Reached skill level 10 in Spellcasting
  7764 | D:7      | You add the spells Gell's Gravitas, Teleport Other and
                  | Dispersal to your library.
  7951 | D:8      | Noticed Amaemon
  7951 | D:8      | Noticed an orange demon
  7958 | D:7      | Killed Amaemon
  7959 | D:7      | Reached skill level 8 in Conjurations
  7959 | D:7      | Reached skill level 9 in Earth Magic
  7964 | D:7      | HP: 12/50 [poisoned by Amaemon]
  8162 | D:8      | Offered knowledge of Freeze by Vehumet.
  8172 | D:8      | Reached ** piety under Vehumet
  8299 | D:8      | Killed an orange demon
  8615 | D:8      | Noticed Maurice
  8635 | D:8      | Reached skill level 10 in Dodging
  8635 | D:8      | Reached skill level 11 in Spellcasting
  8637 | D:8      | Killed Maurice
  9012 | D:8      | Noticed Jeremiah
  9039 | D:8      | Killed Jeremiah
  9040 | D:8      | Reached XP level 11. HP: 34/54 MP: 10/28
  9331 | D:9      | Offered knowledge of Inner Flame by Vehumet.
  9332 | D:9      | Reached skill level 9 in Conjurations
  9384 | D:9      | Noticed Psyche
  9386 | D:9      | Killed Psyche
  9520 | D:9      | Reached *** piety under Vehumet
  9526 | D:9      | Found a hide-covered altar of Uskayaw.
  9566 | D:9      | Noticed Joseph
  9574 | D:9      | Slain by Joseph

Vanquished Creatures
  A two-headed ogre (D:5)
  Amaemon (D:7)
  Pikel (D:6)
  The ghost of Vruhak the Slasher, a novice FoWr (D:5)
  Maurice (D:8)
  An orange demon (D:8)
  Jeremiah (D:8)
  Psyche (D:9)
  A troll (D:9)
  A hornet (D:9)
  Grinder (D:4)
  Prince Ribbit (D:5)
  Sigmund (D:4)
  3 yaks (D:8)
  A steam dragon (D:8)
  3 water moccasins
  2 sky beasts
  A black bear (D:8)
  Pargi (D:4)
  6 ice beasts
  2 orc warriors
  2 ogres
  A centaur (D:7)
  A lemure (D:6)
  2 phantoms
  A kobold brigand (D:8)
  Blork the orc (D:5)
  4 bullfrogs
  3 gnoll sergeants
  3 scorpions
  5 wights (D:8)
  6 killer bees (D:8)
  3 jellies
  2 orc priests
  2 gnoll boudas
  A hound (D:3)
  3 iguanas
  3 sleepcaps
  10 orc wizards
  16 gnolls
  4 adders
  A shadow imp (D:5)
  A white imp (D:7)
  An ufetubus (D:5)
  A worm (D:3)
  A dart slug (D:2)
  24 orcs
  4 ball pythons
  6 endoplasms
  2 giant cockroaches (D:3)
  9 goblins
  3 hobgoblins
  7 jackals
  2 quokkas
  4 bats
  5 frilled lizards
  17 kobolds
  4 rats
197 creatures vanquished.

Table legend:
 A = Non-vault XP
 B = Vault XP
 C = Vault XP percentage of total XP
 D = Non-vault monster count
 E = Vault monster count
 F = Vault count percentage of total count
                 A         B        C        D         E       F
            +---------+---------+-------+---------+---------+-------
      Total |    7297 |    5201 |  41.6 |     172 |      24 |  12.2
            +---------+---------+-------+---------+---------+-------
        D:1 |      29 |       0 |   0.0 |      18 |       0 |   0.0
        D:2 |      29 |       0 |   0.0 |      18 |       0 |   0.0
        D:3 |     127 |       0 |   0.0 |      20 |       0 |   0.0
        D:4 |     255 |     663 |  72.2 |      15 |       3 |  16.7
        D:5 |    1432 |    1382 |  49.1 |      16 |      15 |  48.4
        D:6 |     942 |     651 |  40.9 |      14 |       1 |   6.7
        D:7 |    1346 |     761 |  36.1 |      29 |       1 |   3.3
        D:8 |    2245 |    1365 |  37.8 |      28 |       3 |   9.7
        D:9 |     892 |     379 |  29.8 |      14 |       1 |   6.7
            +---------+---------+-------+---------+---------+-------

Skill      XL: |  1  2  3  4  5  6  7  8  9 10 11 |
---------------+----------------------------------+-----
Stealth        | 3 4 5 |  5.5
Dodging        | 3 4 5 7 8 10 | 10.5
Spellcasting   | 4 5 6 8 9 11 | 11.5
Conjurations   | 2 3 4 5 7 8 9 |  9.2
Earth Magic    | 4 5 7 8 9 |  9.9
Transmutations | |  1.1

Action                     |  1- 3 |  4- 6 |  7- 9 | 10-12 || total
---------------------------+-------+-------+-------+-------++-------
  Melee: Dagger            |       |       |     4 |     1 ||     5
  Throw: Dart              |    21 |     5 |    14 |    13 ||    53
   Cast: Sandblast         |    42 |    49 |    64 |    53 ||   208
         Stone Arrow       |       |     1 |    43 |    47 ||    91
         Searing Ray       |       |       |     4 |    13 ||    17
  Evoke: Wand              |       |       |       |     3 ||     3
    Use: Potion            |       |     1 |     2 |       ||     3
         Scroll            |       |       |       |     5 ||     5
   Stab: Sleeping          |       |       |       |     1 ||     1
 Armour: Robe              |     2 |     3 |    21 |    16 ||    42
  Dodge: Dodged            |     7 |    18 |    33 |    55 ||   113

Illustrated notes

Table legend:
 A = Kills in this place as a percentage of kills in the entire game.
 B = Kills by you in this place as a percentage of kills by you in the entire game.
 C = Kills by friends in this place as a percentage of kills by friends in the entire game.
 D = Other kills in this place as a percentage of other kills in the entire game.
 E = Experience gained in this place as a percentage of experience gained in the entire game.
 F = Experience gained in this place divided by the number of levels of this place that you have seen.
                   A       B       C       D       E      F
               +-------+-------+-------+-------+-------+----------------------
         Total | 100.0 | 100.0 |   N/A |   N/A | 100.0 | 1249.8
       Dungeon | 100.0 | 100.0 |   N/A |   N/A | 100.0 | 1388.7
               +-------+-------+-------+-------+-------+----------------------

Table legend: (Time is in decaauts)
 A = Elapsed time spent in this place.
 B = Non-inter-level travel time spent in this place.
 C = Inter-level travel time spent in this place.
 D = Time resting spent in this place.
 E = Time spent auto-exploring this place.
 F = Levels seen in this place.
 G = Mean time per level.
                   A        B        C        D        E       F      G
               +--------+--------+--------+--------+--------+-----+--------+
         Total |   9683 |   9258 |    425 |    577 |   7536 |  10 |  968.3 |
       Dungeon |   9652 |   9236 |    416 |    577 |   7536 |   9 | 1072.4 |
        Temple |     30 |     21 |      9 |      0 |      0 |   1 |   30.0 |
               +--------+--------+--------+--------+--------+-----+--------+

Top non-repeatable levels by time:
     D:6: 1685 daAuts
     D:5: 1350 daAuts
     D:4: 1347 daAuts
     D:8: 1230 daAuts
     D:1: 1088 daAuts
     D:7: 1032 daAuts
     D:3: 848 daAuts
     D:2: 828 daAuts
     D:9: 240 daAuts
  Temple: 30 daAuts
